 Dungeon Crawl Stone Soup version 0.29.1-12-g30fa7ad0bf (webtiles) character file.

Game seed: 3656500959914125449

751 cheesebisquit the Cleaver (level 7, -1/59 HPs)
             Began as a Minotaur Berserker on Dec 13, 2022.
             Was a Believer of Trog.
             Slain by Dowan
             ... wielding a +0 dagger
              (2 damage)
             ... on level 4 of the Dungeon.
             The game lasted 00:19:35 (4381 turns).

cheesebisquit the Cleaver (Minotaur Berserker)      Turns: 4381, Time: 00:19:36

Health: -1/59      AC:  9    Str: 23    XL:     7   Next: 49%
Magic:  6/6        EV:  6    Int:  4    God:    Trog [**....]
Gold:   216        SH:  9    Dex: 10    Spells: 6/6 levels left

rFire   . . .      SeeInvis .   a - +0 hand axe
rCold   . . .      Faith    .   l - +0 tower shield
rNeg    . . .      Spirit   .   n - +0 scale mail
rPois   .          Reflect  .   (helmet restricted)
rElec   .          Harm     .   t - +0 cloak
rCorr   .          Rampage  .   (no gloves)
Will    .....                   r - +0 pair of boots
Stlth   ..........              (no amulet)
HPRegen 0.19/turn               (no ring)
MPRegen 0.10/turn               (no ring)

@: on berserk cooldown, slowed, very slow
A: horns 2, retaliatory headbutt
a: Renounce Religion, Berserk, Trog's Hand


You were on level 4 of the Dungeon.
You worshipped Trog.
Trog was pleased with you.
You visited 1 branch of the dungeon, and saw 4 of its levels.

You collected 216 gold pieces.

Inventory:

Hand Weapons
 a - a +0 hand axe (weapon)
 b - a +0 sling
 A - a +0 morningstar
Missiles
 e - 3 throwing nets (quivered)
 j - 26 stones
 k - 9 poisoned darts
Armour
 l - a +0 tower shield (worn)
 m - the +2 leather armour "Boivon" {rN+ Str+4 Dex-4 Stlth+}
   (You found it on level 2 of the Dungeon)

   Str:       It affects your strength (+4).
   Dex:       It affects your dexterity (-4).
   rN:        It protects you from negative energy.
   Stlth:     It makes you more stealthy.
 n - a +0 scale mail (worn)
 r - a +0 pair of boots (worn)
 t - a +0 cloak (worn)
 B - a +0 ring mail
Jewellery
 g - a ring of protection from cold
 z - a +6 ring of intelligence
Wands
 u - a wand of charming (9)
Scrolls
 c - a scroll of noise {unknown}
 d - a scroll of poison {unknown}
 h - 3 scrolls of identify {unknown}
 i - 2 scrolls of teleportation {unknown}
 p - a scroll of fog {unknown}
 q - a scroll of immolation {unknown}
 s - a scroll of torment {unknown}
 v - a scroll of magic mapping {unknown}
 w - a scroll of enchant weapon {unknown}
 y - a scroll of fear {unknown}
 C - a scroll of vulnerability {unknown}
Potions
 f - a potion of degeneration {unknown}
 o - 3 potions of flight {unknown}
 x - a potion of ambrosia {unknown}


   Skills:
 - Level 4.0 Fighting
 + Level 10.2 Axes
 - Level 2.9 Armour
 - Level 2.6 Dodging


You had 6 spell levels left.
You didn't know any spells.
Your spell library was empty.

Dungeon Overview and Level Annotations

Branches:
Dungeon (4/15)
 Temple: D:4-7

Altars:
Ashenzari

Shops:
D:4 *

Annotations:
D:4 Dowan


Innate Abilities, Weirdness & Mutations

You have a pair of horns on your head.
You reflexively headbutt those who attack you in melee.


Message History

Dowan blinks!
The kobold throws a poisoned dart.
The poisoned dart closely misses you.
You feel sick.
Dowan says, "How can I live without her?"
You feel sick.
You are no longer poisoned.
Dowan closely misses you.
Dowan casts a spell.
Dowan blinks!
The kobold hits you but does no damage.
You slash the kobold!
You kill the kobold!
Trog accepts your kill. Dowan casts a spell at you. The shard of ice hits you!
Dowan hits you with a +0 dagger. Dowan hits you but does no damage.
You miss Dowan. Your headbutt misses Dowan. Dowan hits you with a +0 dagger.
Dowan points at you and mumbles some strange words.
You block the shard of ice.
You barely miss Dowan. You block Dowan's attack.
Dowan hits you but does no damage.
Dowan casts a spell.
Dowan blinks!
You slash Dowan!
Dowan is moderately wounded.
You block Dowan's attack. Dowan casts a spell at you.
The shard of ice hits you!!
* * * LOW HITPOINT WARNING * * *
Dowan casts a spell.
Dowan blinks!
Okay, then.
Okay, then.
You block Dowan's attack. x2; Dowan barely misses you.
You barely miss Dowan.
Dowan is moderately wounded.
Dowan casts a spell at you. The stone arrow hits you!
* * * LOW HITPOINT WARNING * * *
Dowan hits you with a +0 dagger.
You die...

##..##### ..#.......# ##
.#.≈...§.# #. .........#
### #. #...∩...# #.######.
.###.......#####........
......≈...#.)............
.........e.).####....####.
#. #...@...# ##....# #. #.
##.......# #..†..# ##
#####.# #.......## #....##
# ..##..# #.......# ##..##
#. ..##)# #......## #.##
#. .....## #.....## ###
#.. ..##..# #.....# #..#
..##..## ####### #..
..###..## ..#


You could see Dowan (fast).

Vanquished Creatures
  Duvessa (D:4)
  An ogre (D:4)
  Blork the orc (D:4)
  A necrophage (D:4)
  A scorpion (D:4)
  A howler monkey (D:4)
  A hound (D:4)
  An orc priest (D:4)
  Crazy Yiuf (D:3)
  An iguana (D:4)
  Ijyb (D:3)
  5 gnolls
  4 adders
  3 worms
  3 dart slugs
  10 orcs
  7 ball pythons
  8 bats
  7 endoplasms
  3 giant cockroaches
  7 goblins
  8 hobgoblins
  2 quokkas (D:1)
  7 frilled lizards
  12 kobolds
  6 rats
103 creatures vanquished.

Notes
Turn   | Place    | Note
-------+----------+-------------------------------------------
     0 | D:1      | cheesebisquit the Minotaur Berserker began the quest for
                  | the Orb.
     0 | D:1      | Reached XP level 1. HP: 19/19 MP: 0/0
   159 | D:1      | Reached XP level 2. HP: 26/27 MP: 1/1
   377 | D:1      | Reached skill level 4 in Axes
   546 | D:1      | Found a faded altar of an unknown god.
   756 | D:1      | Reached XP level 3. HP: 33/33 MP: 2/2
  1300 | D:2      | Identified the +2 leather armour "Boivon" {rN+ Str+4 Dex-4
                  | Stlth+}
  1361 | D:2      | Reached ** piety under Trog
  1417 | D:2      | Reached skill level 5 in Axes
  1765 | D:2      | Reached XP level 4. HP: 40/40 MP: 3/3
  2329 | D:3      | Found a broken altar of Ashenzari.
  2485 | D:3      | Noticed Ijyb
  2493 | D:3      | Killed Ijyb
  2591 | D:3      | Reached skill level 6 in Axes
  2817 | D:3      | Reached XP level 5. HP: 40/46 MP: 4/4
  3322 | D:3      | Found a runed translucent door.
  3347 | D:3      | Noticed Crazy Yiuf
  3357 | D:3      | Killed Crazy Yiuf
  3568 | D:4      | Noticed Blork the orc
  3577 | D:4      | Killed Blork the orc
  3578 | D:4      | Reached skill level 7 in Axes
  3625 | D:4      | Noticed an ogre
  3633 | D:4      | Killed an ogre
  3634 | D:4      | Reached skill level 8 in Axes
  3634 | D:4      | Reached XP level 6. HP: 52/52 MP: 5/5
  3961 | D:4      | Reached skill level 9 in Axes
  3972 | D:4      | Reached XP level 7. HP: 43/59 MP: 6/6
  4352 | D:4      | Found Letooxea's Elemental Accessories.
  4353 | D:4      | Noticed Dowan
  4354 | D:4      | Noticed Duvessa
  4364 | D:4      | Killed Duvessa
  4365 | D:4      | Reached skill level 10 in Axes
  4381 | D:4      | HP: 1/59 [Dowan/stone arrow (12)]
  4381 | D:4      | Slain by Dowan

Illustrated notes

Levels and vault maps discovered:
D:1:      lightli_molten_gateway, layout_basic, basic_ecumenical_altar,
          minmay_crystal_room, kennysheep_doodads
D:2:      layout_basic, grunt_decor_junction, reono_crystal_passage, minmay_puff
D:3:      layout_loops_ring, lemuel_round_altar, amethyst_killhole,
          amcnicky_mini_corridor_feature, grunt_decor_resistance,
          minmay_increasing_density, uniq_ijyb, uniq_crazy_yiuf_cottage
D:4:      layout_cave_pods, nicolae_elemental_shop, minmay_between, uniq_edmund,
          uniq_blork_the_orc, uniq_duvessa

Skill      XL: |  1  2  3  4  5  6  7 |
---------------+----------------------+-----
Axes           | 4 5 6 8 9 10 | 10.2
Fighting       | 4 |  4.0
Armour         | |  2.9
Dodging        | |  2.6

Action                   |  1- 3 |  4- 6 |  7- 9 || total
-------------------------+-------+-------+-------++-------
Melee: Hand axe          |    83 |   127 |    40 ||   250
       Headbutt          |     6 |    16 |     5 ||    27
Invok: Berserk           |     2 |     6 |     2 ||    10
       Trog's Hand       |       |     4 |     2 ||     6
Armor: Animal skin       |    11 |       |       ||    11
       Leather armour    |    12 |       |       ||    12
       Scale mail        |       |    41 |    14 ||    55
Dodge: Dodged            |    48 |    21 |    12 ||    81
Block: Tower shield      |     9 |    69 |    15 ||    93
